 Dungeon Crawl Stone Soup version 0.28-a0-991-g956f0ee3d5 (webtiles) character file.

Game seed: 9529443252177349799

786 Froggeryz the Grappler (level 7, 0/60 HPs)
             Began as a Ghoul Monk on Dec 5, 2021.
             Was a Believer of Okawaru.
             Slain by a vampire mosquito (3 damage)
             ... on level 6 of the Dungeon.
             The game lasted 00:04:14 (5502 turns).

Froggeryz the Grappler (Ghoul Monk)                 Turns: 5502, Time: 00:04:14

Health: 0/60       AC:  6    Str: 17    XL:     7   Next: 87%
Magic:  6/6        EV: 10    Int:  5    God:    Okawaru [**....]
Gold:   260        SH:  0    Dex: 11    Spells: 6/6 levels left

rFire   . . .      SeeInvis .     - Unarmed
rCold   + . .      Faith    .   (no shield)
rNeg    + + +      Spirit   .   j - +0 scale mail
rPois   ∞          Reflect  .   (no helmet)
rElec   .          Harm     .   (no cloak)
rCorr   .          Rampage  .   (no gloves)
Will    .....                   (no boots)
Stlth   ..........              (no amulet)
HPRegen 0.00/turn               (no ring)
MPRegen 0.10/turn               (no ring)

@: inhibited regen, hasted, very quick
A: claws 1, cold resistance 1, negative energy resistance 3, inhibited
regeneration, torment resistance 2
a: Renounce Religion, Heroism


You were on level 6 of the Dungeon.
You worshipped Okawaru.
Okawaru was pleased with you.
You visited 2 branches of the dungeon, and saw 7 of its levels.

You collected 260 gold pieces.

Inventory:

Hand Weapons
 k - a +1 dagger of venom
Missiles
 h - 8 boomerangs (quivered)
Armour
 j - a +0 scale mail (worn)
 n - a +2 buckler
Jewellery
 r - a ring of fire
Wands
 t - a wand of mindburst (10)
Scrolls
 b - 8 scrolls of identify {unknown}
 d - 2 scrolls of teleportation {unknown}
 g - 3 scrolls of fear {unknown}
 l - a scroll of amnesia {unknown}
 p - a scroll of acquirement {unknown}
 s - a scroll of immolation {unknown}
Potions
 a - 2 potions of heal wounds {unknown}
 c - a potion of invisibility {unknown}
 e - 3 potions of haste
 f - a potion of mutation {unknown}
 i - a potion of attraction {unknown}
 m - a potion of berserk rage {unknown}
 o - a potion of lignification {unknown}
 q - a potion of degeneration {unknown}


   Skills:
 - Level 4.5 Fighting
 - Level 2.0 Armour
 - Level 2.6 Dodging
 - Level 2.1 Stealth
 + Level 2.3 Shields
 * Level 8.3 Unarmed Combat


You had 6 spell levels left.
You didn't know any spells.
Your spell library contained the following spells:

 Spells                   Type           Power      Damage    Failure   Level
 Passage of Golubria      Tloc           0%         N/A       100%        4
 Yara's Violent Unravell  Hex/Tmut       0%         3d3       100%        5
 Dispersal                Tloc           0%         N/A       100%        6
 Disjunction              Tloc           0%         N/A       100%        8
 Summon Small Mammal      Summ           Unusable   N/A       N/A         1
 Call Canine Familiar     Summ           Unusable   N/A       N/A         3
 Summon Guardian Golem    Hex/Summ       Unusable   N/A       N/A         3
 Tukima's Dance           Hex            Unusable   N/A       N/A         3

Dungeon Overview and Level Annotations

Branches:
Dungeon (6/15)             Temple (1/1) D:4

Altars:
Elyvilon
Gozag
Kikubaaqudgha
Okawaru
Ru
Trog
Uskayaw
Wu Jian
Yredelemnul

Shops:
D:2 ?   D:6 [


Innate Abilities, Weirdness & Mutations

You thrive by killing the living.
You are immune to poison.
You have sharp fingernails.
Your flesh is cold resistant. (rC+)
You are immune to negative energy. (rN+++)
You do not regenerate when monsters are visible.
You are immune to unholy pain and torment.


Message History

The orc is almost dead.
The vampire mosquito bites you! The vampire mosquito bites you.
The vampire mosquito bites you but does no damage.
The orc closely misses you. The orc hits you with a +0 short sword.
The vampire mosquito bites you but does no damage.
You are too injured to fight recklessly!
You are too injured to fight recklessly!
You are too injured to fight recklessly!
You are too injured to fight recklessly!
You are too injured to fight recklessly!
You are too injured to fight recklessly!
You are too injured to fight recklessly!
You are too injured to fight recklessly!
You are too injured to fight recklessly!
You are too injured to fight recklessly!
The vampire mosquito barely misses you. The vampire mosquito bites you.
The orc closely misses you.
The vampire mosquito bites you but does no damage. x2
The orc barely misses you. The vampire mosquito bites you!
* * * LOW HITPOINT WARNING * * *
The vampire mosquito completely misses you.
The vampire mosquito bites you.
* * * LOW HITPOINT WARNING * * *
The vampire mosquito closely misses you.
The orc wizard mumbles some strange words.
The orc wizard flickers and vanishes!
Deactivating autopickup; reactivate with Ctrl-A.
Okay, then.
The vampire mosquito bites you but does no damage.
The vampire mosquito bites you.
* * * LOW HITPOINT WARNING * * *
The vampire mosquito bites you but does no damage.
The vampire mosquito bites you.
* * * LOW HITPOINT WARNING * * *
The vampire mosquito barely misses you.
It was a potion of haste.
You feel yourself speed up.
The orc priest begins to cast a cantrip, but forgets the words!
The vampire mosquito bites you.
You die...

######### #.......#
#############.......#####
#...........'...........+
.......######.......#####
.......# #.......#
.......######.......# ...
.>..................# ....
###########.#...@yy.# .....
#.#######y## .....
###########.#######..####.....
...................ooo.......#
..............................
..............................
............[.................
..........................$..#
.....[.(.....................<


You could see 3 vampire mosquitoes.

Vanquished Creatures
  A water moccasin (D:6)
  A black bear (D:6)
  2 bullfrogs
  A scorpion (D:6)
  A jelly (D:5)
  A hound (D:5)
  A centaur skeleton (D:5)
  Jessica (D:3)
  An iguana (D:4)
  Natasha (thrice) (D:2)
  A hound skeleton (D:5)
  6 adders
  A howler monkey skeleton (D:4)
  A white imp (D:6)
  An ufetubus (D:6)
  A worm (D:2)
  2 dart slugs (D:2)
  10 orcs
  6 ball pythons
  A bat (D:1)
  8 endoplasms
  3 giant cockroaches
  7 goblins
  14 hobgoblins
  4 jackals
  A quokka (D:2)
  2 frilled lizards (D:1)
  7 kobolds
  7 rats
96 creatures vanquished.

Vanquished Creatures (others)
  5 fungi (D:3)
  8 plants (D:3)
13 creatures vanquished.

Grand Total: 109 creatures vanquished

Notes
Turn   | Place    | Note
-------+----------+-------------------------------------------
     0 | D:1      | Froggeryz the Ghoul Monk began the quest for the Orb.
     0 | D:1      | Reached XP level 1. HP: 19/19 MP: 0/0
   240 | D:1      | Reached XP level 2. HP: 26/26 MP: 1/1
   413 | D:1      | Reached skill level 4 in Unarmed Combat
   795 | D:2      | Reached XP level 3. HP: 29/33 MP: 2/2
   887 | D:2      | Noticed Natasha
   890 | D:2      | Killed Natasha
   906 | D:2      | Reached XP level 4. HP: 24/40 MP: 3/3
  1155 | D:2      | Noticed Natasha
  1169 | D:2      | Killed Natasha
  1170 | D:2      | Reached skill level 5 in Unarmed Combat
  1305 | D:2      | Found Awurph's Magic Scroll Shoppe.
  1467 | D:2      | Noticed Natasha
  1476 | D:2      | Killed Natasha
  1477 | D:2      | Reached XP level 5. HP: 37/47 MP: 4/4
  2540 | D:3      | Found an ornate altar of the Wu Jian Council.
  2613 | D:3      | Noticed Jessica
  2619 | D:3      | Killed Jessica
  2792 | D:3      | Reached skill level 6 in Unarmed Combat
  2895 | D:3      | Found a faded altar of an unknown god.
  3054 | D:3      | Reached skill level 1 in Armour
  3209 | D:4      | Reached XP level 6. HP: 53/53 MP: 5/5
  3210 | D:4      | Identified the +5 hand axe "Kaos" {vamp, Fragile rF+ rC++
                  | Str+4}
  3254 | D:4      | Found a staircase to the Ecumenical Temple.
  3297 | Temple   | Entered the Ecumenical Temple
  3316 | Temple   | Became a worshipper of Warmaster Okawaru
  3316 | Temple   | Reached * piety under Okawaru
  3316 | Temple   | Reached ** piety under Okawaru
  3335 | D:4      | Identified the +4 ring mail of Sotudep {Harm rPois}
  3666 | D:4      | Identified the +7 morningstar of Guile {vorpal, Str+4}
  3972 | D:5      | Entered Level 5 of the Dungeon
  4562 | D:5      | Reached skill level 7 in Unarmed Combat
  4755 | D:5      | Reached XP level 7. HP: 58/60 MP: 6/6
  5091 | D:6      | Reached skill level 1 in Shields
  5387 | D:6      | Found Hosh's Antique Armour Boutique.
  5392 | D:6      | Found an opulent altar of Gozag.
  5397 | D:6      | Reached skill level 8 in Unarmed Combat
  5487 | D:6      | Noticed a vampire mosquito
  5488 | D:6      | Noticed a vampire mosquito
  5488 | D:6      | Noticed a vampire mosquito
  5490 | D:6      | Noticed a vampire mosquito
  5498 | D:6      | HP: 3/60 [vampire mosquito (1)]
  5502 | D:6      | Slain by a vampire mosquito

Illustrated notes

Levels and vault maps discovered:
D:1:      dpeg_arrival_renting, layout_loops_ring, minivault_19
D:2:      layout_loops_ring, serial_shops, nicolae_shop_hallway_stairs,
          minmay_misc_feat_cross, uniq_natasha
D:3:      layout_rooms, overflow_temple_1_default,
          shapermc_ecumenical_altar_mp_urbaneastern, grunt_decor_clamped,
          chequers_serial_rivers_micro_d, uniq_jessica
D:4:      layout_basic, minmay_temple_entry_ruins, serial_bayou_pond_d,
          minmay_goblin_kobold_house
D:5:      minmay_spotlight, layout_basic
D:6:      layout_basic, general_overflow_altar, serial_shops, shop, shop,
          nicolae_shop_behind_doors, nicolae_square_shop, st_stairs_8
Temple:   nicolae_temple_elliptical

Skill      XL: |  1  2  3  4  5  6  7 |
---------------+----------------------+-----
Unarmed Combat | 4 5 6 7 8 |  8.3
Fighting       | 4 |  4.5
Armour         | 1 2 |  2.0
Shields        | 2 |  2.3
Dodging        | |  2.6
Stealth        | |  2.1

Action                   |  1- 3 |  4- 6 |  7- 9 || total
-------------------------+-------+-------+-------++-------
Melee: Unarmed           |    66 |   227 |    44 ||   337
       Punch             |     1 |     3 |     1 ||     5
Throw: Boomerang         |       |     2 |       ||     2
  Use: Potion            |       |       |     1 ||     1
 Stab: Sleeping          |     2 |     3 |       ||     5
Armor: Robe              |     4 |    10 |       ||    14
       Scale mail        |       |    65 |    23 ||    88
Dodge: Dodged            |    33 |   107 |    44 ||   184

Table legend: (Time is in decaauts)
 A = Elapsed time spent in this place.
 B = Non-inter-level travel time spent in this place.
 C = Inter-level travel time spent in this place.
 D = Time resting spent in this place.
 E = Time spent auto-exploring this place.
 F = Levels seen in this place.
 G = Mean time per level.
                   A        B        C        D        E       F      G
               +--------+--------+--------+--------+--------+-----+--------+
         Total |   5468 |   5177 |    291 |    297 |   4136 |   7 |  781.1 |
       Dungeon |   5437 |   5156 |    281 |    297 |   4130 |   6 |  906.2 |
        Temple |     30 |     20 |     10 |      0 |      6 |   1 |   30.0 |
               +--------+--------+--------+--------+--------+-----+--------+

Top non-repeatable levels by time:
     D:2: 1299 daAuts
     D:5: 1104 daAuts
     D:3: 985 daAuts
     D:4: 850 daAuts
     D:1: 781 daAuts
     D:6: 417 daAuts
  Temple: 30 daAuts
